 Dungeon Crawl Stone Soup version 0.24.0-37-gcf1ca852f1 (webtiles) character file.

Game seed: 8293827891166214179, levelgen mode: deterministic

75 Mrkan the Chopper (level 4, -3/40 HPs)
             Began as a Hill Orc Fighter on Nov 29, 2019.
             Killed from afar by an orc wizard (10 damage)
             ... with a puff of frost
             ... on level 2 of the Dungeon.
             The game lasted 00:02:00 (1521 turns).

Mrkan the Chopper (Hill Orc Fighter)                Turns: 1521, Time: 00:02:01

Health: -3/40      AC:  8    Str: 18    XL:     4   Next: 31%
Magic:  4/4        EV:  7    Int:  8    God:
Gold:   104        SH:  9    Dex: 11    Spells: 3/3 levels left

rFire    . . .     SeeInvis .   a - +0 war axe
rCold    . . .     Gourm    .   c - +0 shield
rNeg     . . .     Faith    .   b - +0 scale mail
rPois    .         Spirit   .   (no helmet)
rElec    .         Reflect  .   e - +0 cloak
rCorr    .         Harm     .   (no gloves)
MR       .....                  (no boots)
Stlth    ..........             (no amulet)
HPRegen  0.13/turn              (no ring)
MPRegen  0.09/turn              (no ring)

@: lightly drained
A: no striking features
a: Convert to Beogh


You were on level 2 of the Dungeon.
You were not hungry.

You visited 1 branch of the dungeon, and saw 2 of its levels.

You collected 104 gold pieces.

Inventory:

Hand Weapons
 a - a +0 war axe (weapon)
Armour
 b - a +0 scale mail (worn)
 c - a +0 shield (worn)
 e - a +0 cloak (worn)
Scrolls
 i - 3 scrolls of identify {unknown}
 j - a scroll of fear {unknown}
 k - a scroll of noise {unknown}
Potions
 d - 2 potions of might
 h - 2 potions of brilliance {unknown}
 l - a potion of lignification {unknown}
Comestibles
 f - 3 rations


   Skills:
 + Level 4.2(3.8) Fighting
 * Level 4.2(3.8) Axes
 + Level 3.8(3.4) Armour
 + Level 3.8(3.3) Shields


You had 3 spell levels left.
You didn't know any spells.
Your spell library was empty.

Dungeon Overview and Level Annotations

Branches:
Dungeon (2/15)

Altars:


Message History

The orc priest shouts, "Beogh is our master!
Accept the truth or die!"
You hit the orc wizard but do no damage.
You block the orc wizard's attack.
The orc wizard hits you but does no damage.
You block the orc priest's attack.
You hit the orc priest but do no damage.
You hit the orc wizard. You hit the orc but do no damage.
You block the orc wizard's attack.
The orc wizard points at you and mumbles some strange words.
The puff of flame hits you!
* * * LOW HITPOINT WARNING * * *
The orc hits you with a +0 falchion.
* * * LOW HITPOINT WARNING * * *
The orc priest barely misses you.
You hit the orc priest.
The orc priest is lightly wounded.
You hit the orc but do no damage. You hit the orc wizard.
The orc wizard gestures at you while chanting.
The puff of frost hits you!
You die...

#.# #............# #.#
#............# #.#
##'#########.#### #.# #########.#
#####)....
####.#####......##'#####....#####
.........+.)....+..........>.....
####.#####......#...####....#####
####.#####......#...#######.##.#
.........+.....o@o.............#
##'##########..o#.....#####....#
#≈.≈≈≈≈≈≈≈≈≈#.........# #.#..#
#≈....).....'.####....# #.#..#
#≈.♣♣♣♣♣♣♣.≈#.# #....# #..#.#
#≈.♣ ♣.≈#.# #....# ##. .. #≈.♣
♣.≈#.# #....# ..#.# #≈.♣ ♣.≈#.#
#....# #. #≈.♣ ♣.≈### #....#


You could see an orc priest, an orc wizard and an orc.

Vanquished Creatures
  A gnoll (D:1)
  2 adders (D:2)
  2 worms (D:2)
  A dart slug (D:1)
  A leopard gecko (D:1)
  2 orcs (D:2)
  2 giant cockroaches (D:1)
  9 goblins
  A hobgoblin (D:2)
  3 jackals (D:1)
  5 bats
  3 frilled lizards
  2 kobolds
  2 rats
36 creatures vanquished.

Notes
Turn   | Place    | Note
-------+----------+-------------------------------------------
     0 | D:1      | Mrkan the Hill Orc Fighter began the quest for the Orb.
     0 | D:1      | Reached XP level 1. HP: 19/19 MP: 1/1
   110 | D:1      | Reached XP level 2. HP: 17/27 MP: 2/2
   384 | D:1      | Reached XP level 3. HP: 33/33 MP: 3/3
  1472 | D:2      | Reached XP level 4. HP: 37/40 MP: 4/4
  1521 | D:2      | Killed from afar by an orc wizard

Levels and vault maps discovered:
D:1:      sevenhm_arrival_forest_fort_small_4, layout_basic
D:2:      layout_basic, kennysheep_small_spiral, evilmike_ruin_ashenzari

Skill      XL: |  1  2  3 |
---------------+----------+-----
Axes           | 3 4 |  4.2
Fighting       | 4 |  4.2
Armour         | |  3.8
Shields        | |  3.8

Action                   |  1- 3 |  4- 6 || total
-------------------------+-------+-------++-------
Melee: War axe           |   112 |    24 ||   136
  Eat: Chunk             |     2 |       ||     2
Armor: Scale mail        |    53 |     9 ||    62
Dodge: Dodged            |    39 |     9 ||    48
Block: Shield            |    61 |    13 ||    74
